 Dungeon Crawl Stone Soup version 0.26.1-2-gb8aa6d0cf2 (webtiles) character file.

Game seed: 2445427754896593513

338 Groucho the Covert (level 6, 0/28 HPs)
             Began as a Spriggan Enchanter on Feb 24, 2021.
             Was a Follower of Kikubaaqudgha.
             Slain by a lemure (5 damage)
             ... led by Pikel
             ... on level 5 of the Dungeon.
             The game lasted 00:10:17 (8852 turns).

Groucho the Covert (Spriggan Enchanter)             Turns: 8852, Time: 00:10:18

Health: 0/28       AC:  3    Str:  6    XL:     6   Next: 29%
Magic:  11/13      EV: 18    Int: 16    God:    Kikubaaqudgha [*.....]
Gold:   291        SH:  0    Dex: 17    Spells: 5/14 levels left

rFire    . . .     SeeInvis +   p - +4 short sword
rCold    . . .     Faith    .   (shield restricted)
rNeg     + . .     Spirit   .   b - +1 robe
rPois    +         Reflect  .   (helmet restricted)
rElec    .         Harm     .   (no cloak)
rCorr    .         Rampage  .   (gloves unavailable)
Will     +....                  (boots unavailable)
Stlth    ++++......             (no amulet)
HPRegen  0.09/turn              f - ring of poison resistance
MPRegen  0.13/turn              k - ring of positive energy

@: very quick
A: very small, unfitting armour, see invisible, speed 3
a: Renounce Religion, Receive Corpses


You were on level 5 of the Dungeon.
You worshipped Kikubaaqudgha.
Kikubaaqudgha was aware of your devotion.
You visited 1 branch of the dungeon, and saw 5 of its levels.

You collected 291 gold pieces.

Inventory:

Hand Weapons
 a - a +1 dagger
 p - a +4 short sword (weapon)
Missiles
 n - 20 poisoned darts
 y - 7 boomerangs
Armour
 b - a +1 robe (worn)
Jewellery
 f - a ring of poison resistance (left hand)
 k - a ring of positive energy (right hand)
 o - an uncursed amulet of guardian spirit {unknown}
 A - an uncursed ring of protection from fire {unknown}
Wands
 B - a wand of iceblast (4)
Scrolls
 c - a scroll of blinking {unknown}
 d - a scroll of remove curse {unknown}
 e - 5 scrolls of identify
 g - 3 scrolls of enchant armour
 h - a scroll of fear {unknown}
 j - a scroll of random uselessness
 l - 3 scrolls of teleportation {unknown}
 s - a scroll of amnesia {unknown}
 u - a scroll of enchant weapon {unknown}
 x - a scroll of immolation {unknown}
Potions
 i - 3 potions of curing {unknown}
 m - a potion of brilliance
 q - a potion of mutation {unknown}
 r - 2 potions of heal wounds {unknown}
 t - a potion of haste {unknown}
 v - a potion of magic
 w - a potion of cancellation {unknown}
 z - a potion of berserk rage


   Skills:
 - Level 1.1 Short Blades
 - Level 3.0 Dodging
 * Level 8.4 Stealth
 + Level 4.6 Spellcasting
 + Level 5.2 Hexes


You had 5 spell levels left.
You knew the following spells:

 Your Spells              Type           Power        Failure   Level
a - Corona                Hex            22%          1%          1
b - Ensorcelled Hibernat  Hex/Ice        24%          9%          2
c - Confusing Touch       Hex            20%          5%          3
d - Dazzling Flash        Conj/Hex       24%          16%         3

Your spell library contained the following spells:

 Spells                   Type           Power        Failure   Level
 Tukima's Dance           Hex            20%          5%          3
 Animate Skeleton         Necr           6%           16%         1
 Pain                     Necr           12%          16%         1
 Summon Small Mammal      Summ           12%          16%         1
 Summon Guardian Golem    Hex/Summ       12%          16%         3
 Call Imp                 Summ           3%           24%         2
 Corpse Rot               Necr/Air       N/A          24%         2
 Sublimation of Blood     Necr           1%           24%         2
 Call Canine Familiar     Summ           3%           43%         3
 Vampiric Draining        Necr           1%           43%         3
 Summon Ice Beast         Ice/Summ       3%           85%         4
 Summon Lightning Spire   Summ/Air       3%           85%         4


Dungeon Overview and Level Annotations

Branches:
Dungeon (5/15)
 Temple: D:4-7

Altars:
Kikubaaqudgha
Okawaru
Sif Muna
Wu Jian
Xom
The Shining One

Annotations:
D:5 Pikel


Innate Abilities, Weirdness & Mutations

You are very small and have problems with some larger weapons.
You are too small for most types of armour.
You have supernaturally acute eyesight. (SInv)
You cover ground extremely quickly.


Message History

Pikel is heavily wounded.
The lemure hits you but does no damage. Pikel barely misses you.
You catch the helpless Pikel completely off-guard!
You puncture Pikel!
Pikel is severely wounded.
The lemure barely misses you. The lemure misses you.
Pikel hits the lemure with a +2 whip of electrocution.
You hit Pikel.
Pikel is almost dead.
The lemure hits you!
* * * LOW HITPOINT WARNING * * *
Pikel hits the lemure with a +2 whip of electrocution.
Lightning courses through the lemure! You hit Pikel.
Pikel is almost dead.
The lemure hits you.
You die...
Kikubaaqudgha rasps: "You have failed me!
Welcome... death!"

#..........#
########..........#
#.................# ###
#...........########## ..
#..............##....# .#.
#..............##.#.##
..5########.....5.....#.......#
..5..5.........K5.>...#.....###
.######.###....5@.....#.#####
#.# #....5......### #.#
#...........# #.# ####'########
###.######.# #...#....#'### #
#.#.#.#......# #
##.#...#......#
##......#......#


You could see Pikel (confused) and 4 lemures.

Vanquished Creatures
  A scorpion (D:5)
  A hound (D:5)
  A jelly (D:5)
  Jessica (D:3)
  3 worker ants
  A gnoll (D:1)
  5 adders
  A shadow imp (D:5)
  2 ufetubi (D:5)
  2 worms
  4 leopard geckos
  3 giant cockroaches
  4 goblins
  3 hobgoblins
  4 jackals
  11 kobolds
  3 quokkas
  5 bats
  3 frilled lizards
  A quokka zombie (D:4)
  7 rats
66 creatures vanquished.

Notes
Turn   | Place    | Note
-------+----------+-------------------------------------------
     0 | D:1      | Groucho the Spriggan Enchanter began the quest for the Orb.
     0 | D:1      | Reached XP level 1. HP: 9/9 MP: 5/5
   658 | D:1      | Reached skill level 5 in Stealth
   658 | D:1      | Reached XP level 2. HP: 13/13 MP: 6/6
   774 | D:2      | Found a shimmering altar of Xom.
   774 | D:2      | Found a shimmering altar of Xom.
   774 | D:2      | Found a shimmering altar of Xom.
   832 | D:1      | Learned a level 2 spell: Ensorcelled Hibernation
  1388 | D:2      | Reached XP level 3. HP: 15/16 MP: 8/8
  1471 | D:1      | Learned a level 3 spell: Confusing Touch
  2974 | D:2      | Reached skill level 6 in Stealth
  3897 | D:2      | Found a shimmering altar of Xom.
  3898 | D:2      | Found a shimmering altar of Xom.
  3921 | D:2      | Reached XP level 4. HP: 13/21 MP: 5/10
  4855 | D:3      | Found an ancient bone altar of Kikubaaqudgha.
  4856 | D:3      | Found an iron altar of Okawaru.
  4857 | D:3      | Found a shimmering blue altar of Sif Muna.
  4860 | D:3      | Became a worshipper of Kikubaaqudgha
  4863 | D:3      | Found a glowing golden altar of the Shining One.
  4980 | D:3      | Found an ornate altar of the Wu Jian Council.
  5658 | D:3      | Noticed Jessica
  5669 | D:3      | Killed Jessica
  5702 | D:3      | Identified Jessica's Collected Works on Stolen Souls
  5761 | D:3      | Learned a level 3 spell: Dazzling Flash
  6282 | D:4      | Reached skill level 7 in Stealth
  6282 | D:4      | Reached XP level 5. HP: 24/24 MP: 11/11
  8465 | D:5      | Entered Level 5 of the Dungeon
  8492 | D:5      | Reached skill level 5 in Hexes
  8496 | D:5      | Reached skill level 8 in Stealth
  8496 | D:5      | Reached XP level 6. HP: 26/28 MP: 10/13
  8733 | D:5      | Reached * piety under Kikubaaqudgha
  8733 | D:5      | Identified Kikubaaqudgha's Handbook of Evil Rituals
                  | (Kikubaaqudgha gifted it to you on level 5 of the Dungeon)
  8733 | D:5      | Received a gift from Kikubaaqudgha
  8806 | D:5      | Noticed Pikel
  8852 | D:5      | Slain by a lemure

Illustrated notes

Levels and vault maps discovered:
D:1:      eino_arrival_tree_alley, layout_rooms
D:2:      layout_rooms, xom_redecorated
D:3:      minmay_general_purpose_star, layout_loops_ring, minitemple,
          overflow_temple_1_default, serial_rivers,
          chequers_serial_rivers_micro_a, chequers_serial_rivers_micro_e,
          chequers_serial_rivers_micro_b, chequers_serial_rivers_micro_c,
          chequers_serial_rivers_room_a, kennysheep_jessica_study
D:4:      layout_rooms, serial_co_window_serial, co_window_corner_a,
          co_window_paths_a, co_window_corner_a, co_window_corner_a,
          co_window_paths_b, co_window_of_opportunity_b, co_window_broadway_b,
          co_window_2corner, co_window_unsneaky_path_d, co_window_paths_c,
          co_window_2corner, co_window_paths_e, co_window_paths_d,
          glass_columns_a, glass_columns_c, glass_columns_b, glass_columns_a,
          chequers_serial_rivers_micro_e, minmay_misc_feat_cross,
          serial_park_tiny_2, abandoned_shop
D:5:      layout_basic, nicolae_overflow_hidden_temple, lexackson_kobold_supper,
          uniq_pikel, uniq_eustachio, uniq_crazy_yiuf_cottage

Skill      XL: |  1  2  3  4  5 |
---------------+----------------+-----
Stealth        | 5 6 7 8 |  8.4
Spellcasting   | 3 4 |  4.6
Hexes          | 4 5 |  5.2
Short Blades   | |  1.1
Dodging        | |  3.0

Action                   |  1- 3 |  4- 6 || total
-------------------------+-------+-------++-------
Melee: Dagger            |   134 |    26 ||   160
       Short sword       |       |    36 ||    36
 Cast: Ensorcelled Hiber |    21 |    26 ||    47
       Confusing Touch   |     2 |     3 ||     5
       Corona            |     2 |       ||     2
  Use: Potion            |     4 |       ||     4
       Scroll            |       |     4 ||     4
 Stab: Sleeping          |    15 |    28 ||    43
       Confused          |     1 |     3 ||     4
       Distracted        |       |     1 ||     1
Armor: Robe              |    11 |     5 ||    16
Dodge: Dodged            |   101 |    39 ||   140
